 Dungeon Crawl Stone Soup version 0.20.1 (webtiles) character file.

406438 Monsterracer the Sensei (level 23, -14/125 HPs)
             Began as a Vine Stalker Monk on July 1, 2017.
             Was an Initiate of Gozag.
             Demolished by a vault warden
             ... wielding a +0 great sword
              (34 damage)
             ... on level 5 of the Vaults on July 2, 2017.
             The game lasted 03:08:53 (43187 turns).

Monsterracer the Sensei (Vine Stalker Monk)        Turns: 43187, Time: 03:08:54

Health: -14/125    AC: 18    Str: 19    XL:     23   Next: 41%
Magic:  0/36       EV: 26    Int: 10    God:    Gozag
Gold:   8056       SH: 16    Dex: 25    Spells: 9/38 levels left

rFire    + + +     SeeInvis +     - Unarmed
rCold    + . .     Gourm    .   S - +2 shield of Resistance {rF+ rC+ MR+}
rNeg     . . .     Faith    .   c - +2 robe of Vines {NoPotionHeal Regen+7}
rPois    .         Spirit   +   R - +2 helmet {SInv}
rElec    .         Reflect  .   N - +2 cloak {rF+}
rCorr    +         Harm     .   m - +2 pair of gloves {Str+3}
MR       ++++.                  C - +2 pair of boots {run}
Stlth    +++.......             K - amulet of regeneration
Regen    4.3/turn               g - ring of resist corrosion
MPRegen  0.3/turn               I - ring "Ugeppodoch" {rF+ MR+}

@: about to teleport, gold aura, drained, quick
A: fangs 3, sense surroundings 1, regeneration 2, magic shield, antimagic bite,
no potion heal 3, rot immunity, MP-powered wands
}: 2/15 runes: serpentine, barnacled
a: Potion Petition, Call Merchant, Bribe Branch, Renounce Religion


You were on level 5 of the Vaults.
You worshipped Gozag.
Gozag was greatly pleased with you.
You were not hungry.

You visited 6 branches of the dungeon, and saw 36 of its levels.
You visited the Abyss 1 time.
You also visited: Labyrinth, Ice Cave and Volcano.

You collected 21247 gold pieces.
You spent 5151 gold pieces at shops.
You paid 8040 gold pieces to Gozag.

Inventory:

Missiles
 x - 727 stones (quivered)
Armour
 c - the +2 robe of Vines (worn) {NoPotionHeal Regen+7}
   (You bought it in a shop on level 2 of the Orcish Mines)

   It increases your rate of regeneration.
 m - a +2 pair of gloves of strength (worn)
 y - the +1 robe of Untruth {MR++}
   (You found it on level 7 of the Dungeon)

   It affects your resistance to hostile enchantments.
 C - a +2 pair of boots of running (worn)
 L - the cursed +1 scale mail of the Constellations {rF+++ rC+ rCorr Str-4}
   (You found it on level 15 of the Dungeon)

   It affects your strength (-4).
   It renders you almost immune to fire.
   It protects you from cold.
   It protects you from acid and corrosion.
   It has a curse placed upon it.
 M - a +2 pair of boots of flying
 N - a +2 cloak of fire resistance (worn)
 R - a +2 helmet of see invisible (worn)
 S - the +2 shield of Resistance (worn) {rF+ rC+ MR+}
   (You bought it in a shop on level 2 of the Orcish Mines)

   It protects you from fire.
   It protects you from cold.
   It affects your resistance to hostile enchantments.
Jewellery
 d - an uncursed ring of wizardry
 g - a ring of resist corrosion (left hand)
 h - an uncursed ring of protection from cold
 B - an uncursed ring of poison resistance
 G - the ring of Scepticism {rF+ Int+4}
   (You acquired it on level 10 of the Dungeon)

   [ring of intelligence]

   It affects your intelligence (+4).
   It protects you from fire.
 I - the ring "Ugeppodoch" (right hand) {rF+ MR+}
   (You took it off a deep elf mage on level 5 of the Vaults)

   [ring of protection from fire]

   It protects you from fire.
   It affects your resistance to hostile enchantments.
 K - an amulet of regeneration (around neck)
 O - the ring "Folemes" {*Corrode rF+ rC+ Str+4}
   (You found it on level 6 of the Lair of Beasts)

   [ring of protection from fire]

   It affects your strength (+4).
   It protects you from fire.
   It protects you from cold.
   It may corrode you when you take damage.
Wands
 f - a wand of acid (13/15)
 r - a wand of clouds (3/9)
 F - a wand of digging (18/24)
Scrolls
 a - 4 scrolls of magic mapping
 i - 13 scrolls of identify
 j - 14 scrolls of remove curse
 o - 7 scrolls of fog
 p - 5 scrolls of teleportation
 s - 6 scrolls of blinking
 v - 3 scrolls of fear
 z - 2 scrolls of enchant armour
 D - 5 scrolls of recharging
 H - 3 scrolls of amnesia
Potions
 b - a potion of magic
 e - 8 potions of agility
 l - 2 potions of flight
 n - 5 potions of lignification
 q - 13 potions of curing
 t - 6 potions of brilliance
 u - 7 potions of cancellation
 w - 3 potions of might
 E - 4 potions of invisibility
 P - 3 potions of haste
 Q - a potion of mutation
 T - 3 potions of ambrosia
Books
 k - a book of Enchantments

   Spells                             Type                      Level
   a - Cause Fear                     Hexes                        4
   b - Yara's Violent Unravelling     Hexes/Transmutation          5
   c - Silence                        Hexes/Air                    5
   d - Deflect Missiles               Charms/Air                   6
   e - Discord                        Hexes                        8
Comestibles
 A - 16 royal jellies
 U - a bread ration
 W - 2 meat rations


   Skills:
 + Level 14.7(14.5) Fighting
 - Level 11.0(10.7) Armour
 + Level 13.8(13.5) Dodging
 - Level 2.4(2.2) Stealth
 + Level 14.1(13.9) Shields
 * Level 21.6(21.4) Unarmed Combat
 - Level 8.0(7.8) Spellcasting
 - Level 5.0(4.8) Translocations
 - Level 10.0(9.8) Transmutations
 - Level 10.0(9.8) Earth Magic


You had 9 spell levels left.
You knew the following spells:

 Your Spells              Type           Power        Failure   Level  Hunger
a - Apportation           Tloc           ##....       2%          1    None
b - Blink                 Tloc           N/A          4%          2    ##.....
c - Blade Hands           Tmut           ###.......   10%         5    ######.
d - Swiftness             Chrm/Air       #.......     30%         2    ##.....
e - Passwall              Tmut/Erth      ###.......   1%          2    ##.....
f - Statue Form           Tmut/Erth      ###......    47%         6    #######
g - Petrify               Tmut/Erth      ###.....     3%          4    ####...
h - Magic Dart            Conj           #...         21%         1    None
i - Summon Butterflies    Summ           #.......     21%         1    None
j - Passage of Golubria   Tloc           N/A          26%         4    ####...
k - Confusing Touch       Hex            #.....       21%         1    None


Dungeon Overview and Level Annotations

Branches:
Dungeon (15/15)            Temple (0/1) D:4            Lair (6/6) D:8
 Shoals (4/4) Lair:4        Snake (4/4) Lair:2        Slime (0/5) Lair:5
    Orc (2/2) D:9             Elf (0/3) Orc:2        Vaults (5/5) D:14
  Crypt (0/3) Vaults:2     Depths (0/5) D:15

Altars:
Gozag
Qazlal
Ru
Trog
The Shining One
Beogh
Jiyva

Shops:
D:11 %   D:15 (   Orc:2 [*[==   Snake:3 !   Snake:4 %   Vaults:1 ?   Vaults:4 *


Innate Abilities, Weirdness & Mutations

You have razor-sharp teeth.
You heal very quickly.
When hurt, damage is shared between your health and your magic reserves.
Your bite disrupts and absorbs the magic of your enemies.
Potions cannot restore your health.
You are immune to rotting.
You passively map a small area around you.
You expend magic power (3 MP) to strengthen your wands.


Message History

What are your orders? t - Shout!
Orders for allies: a - Attack new target. r - Retreat! s - Stop attacking. g - Guard the area. f - Follow me.
Anything else - Cancel.
Retreat in which direction?
Press: ? - help, Dir - move target cursor, f - you
Okay, then.
As you read the scroll of teleportation, it crumbles to dust.
You feel strangely unstable.
The golden dragon is no longer distracted by gold.
You block the yaktaur captain's attack.
The yaktaur captain shoots a bolt.
The bolt hits you!!
* * * LOW MAGIC WARNING * * *;
* * * LOW HITPOINT WARNING * * *
The vault sentinel blows a loud note on a signal horn!
The vault warden hits you with an uncursed great sword!!!
* * * LOW MAGIC WARNING * * *
You die...
Your body crumbles into a pile of gold.

........#..#....#*,## *,*,*
...(.ppn#..#....#,#.##*******,***
######).#..#(...##.#.#,*,*,*,*,*,
........[..#([..#.#.#,*,*,*,*,*,*
........(...(.[.)..#,*,*,*,*,*,*,
##########.[($[((.###############
......)......<<[[................
............<*Dp(................
........[....<<.@c(..............
........)..).)..Qp...[...........
##########(...[.)(###############
.....[))).......)........,,,,,,,.
.#.#.#.#(#c#....#........,,,,,,,.
.....W.(...#....#........,,,,,,,,
#..##n##.#.#....#...(....,,,,,,,*
#..##n##...#....#........,,,*''+*
.....n...#.#....#........,,,*,,,+


You could see a golden dragon, a vault warden, a tengu reaver, 2 yaktaur
captains, a vault sentinel and a battlesphere.

Vanquished Creatures
  Mara (Snake:4)
  Saint Roka (Snake:4)
  Vashnia (Snake:2)
  A golden dragon (Vaults:4)
  Nikola (Shoals:1)
  Jorgrun (Vaults:1)
  A lich (Vaults:4)
  Rupert (D:13)
  2 quicksilver dragons
  Polyphemus (Shoals:4)
  2 sphinxes (Vaults:4)
  A shadow dragon (Vaults:5)
  A tentacled starspawn (Abyss:3)
  2 storm dragons (Vaults:4)
  Donald (Shoals:1)
  Ilsuiw (Shoals:3)
  Kirke (Shoals:4)
  13 nagarajas
  A fire giant (D:15)
  Aizul (Snake:1)
  4 frost giants
  9 vault wardens
  Louise (Snake:4)
  A deep elf elementalist (Vaults:5)
  15 ironheart preservers
  A war gargoyle (Vaults:5)
  Nessos (D:14)
  A starcursed mass (Abyss:3)
  A vampire knight (Vaults:2)
  An entropy weaver (Vaults:4)
  2 very ugly things
  8 stone giants
  3 deep elf demonologists
  2 deep elf annihilators (Vaults:3)
  A dire elephant (Lair:6)
  6 merfolk javelineers
  2 ettins
  A deep elf death mage (Vaults:2)
  12 merfolk impalers
  2 fire dragons (Vaults:4)
  A minotaur (Lab)
  13 ogre magi
  Erolcha (D:11)
  2 great orbs of eyes
  18 vault guards
  An ice dragon (shapeshifter) (Vaults:1)
  3 rakshasas
  2 ice dragons
  12 yaktaur captains
  23 naga warriors
  Harold (D:10)
  3 catoblepae
  3 merfolk avatars
  13 anacondas
  9 hydras
  A death knight (Vaults:3)
  5 merfolk aquamancers
  An alligator (Snake:3)
  9 centaur warriors
  2 alligator snapping turtles
  49 two-headed ogres
  A satyr (Shoals:4)
  9 death yaks
  3 deep troll shamans
  3 deep troll earth magi
  Urug (D:13)
  36 naga sharpshooters
  5 shock serpents
  2 orc high priests (Orc:1)
  4 deep elf knights
  11 sea snakes
  A sixfirhy (Abyss:3)
  A hell knight (Volcano)
  A salamander mystic (Snake:3)
  A shadow wraith (Vaults:3)
  A glowing orange brain (Vaults:1)
  3 unseen horrors
  8 skeletal warriors
  5 wizards
  15 deep trolls
  6 deep elf archers
  A swamp dragon (Snake:2)
  8 naga ritualists
  2 necromancers
  17 harpies
  A tengu zombie (Vaults:3)
  9 orc knights
  2 phantasmal warriors (Vaults:2)
  9 mana vipers
  2 wolf spiders (Vaults:1)
  12 ironbrand convokers
  18 deep elf magi
  A wolf spider zombie (D:15)
  9 orc sorcerers (Orc:2)
  33 ugly things
  13 salamanders
  An oklob plant (Shoals:3)
  15 cyclopes
  9 fauns
  12 elephants
  13 manticores
  A human skeleton (Vaults:4)
  29 black mambas
  11 guardian serpents
  3 ice statues (IceCv)
  The ghost of ThePrince the Covert, a novice SpAs (D:7)
  3 water nymphs
  14 merfolk sirens
  6 vault sentinels
  16 naga magi
  19 spiny frogs
  7 freezing wraiths
  2 rime drakes
  6 ice devils (IceCv)
  9 komodo dragons
  30 yaktaurs
  2 centaur skeletons
  A yaktaur (shapeshifter) (Vaults:2)
  2 elves (Vaults:4)
  The ghost of Crownlay the Covered, an amateur MiAK of Lugonu (D:5)
  12 trolls
  33 merfolk
  Prince Ribbit (D:6)
  2 sphinx simulacra
  4 hornets
  3 polar bears
  4 wind drakes
  A large abomination (Abyss:3)
  18 slime creatures
  5 hippogriffs
  12 dream sheep
  10 snapping turtles
  2 raiju (Abyss:3)
  10 blink frogs
  A redback (Vaults:4)
  A wraith (D:15)
  A vampire (D:6)
  9 water elementals
  A tarantella (Vaults:4)
  3 wyverns
  A shadow (D:13)
  17 humans
  A human (shapeshifter) (D:13)
  37 yaks
  Eustachio (D:5)
  5 fire bats (Volcano)
  2 basilisks
  5 hogs
  A steam dragon (D:13)
  2 hungry ghosts
  A soldier ant (shapeshifter) (D:14)
  5 swamp worms (Snake:3)
  12 wargs
  77 nagas
  A soldier ant (D:11)
  2 acid dragons
  Duvessa (D:4)
  16 water moccasins
  2 hell hounds
  4 porcupines
  A swamp drake (Snake:3)
  24 orc warriors
  2 black bears
  A necrophage (D:9)
  4 sky beasts
  The ghost of Crownlay the Chopper, an amateur MiBe of Trog (D:3)
  A human zombie (Vaults:3)
  2 ice beasts
  A phantom (D:7)
  A hornet zombie (D:13)
  38 ogres
  5 boggarts
  18 wolves
  31 centaurs
  18 crocodiles
  Blork the orc (D:5)
  2 big kobolds
  20 bullfrogs
  A water moccasin zombie (D:8)
  A gnoll sergeant (Orc:2)
  2 wyvern skeletons
  Dowan (D:4)
  2 scorpions
  5 killer bees (D:12)
  An electric eel (Lair:2)
  9 wights
  6 howler monkeys
  6 crimson imps
  7 lava snakes
  2 bullfrog zombies
  2 draconian simulacra (IceCv)
  2 quasits
  4 hounds
  27 orc priests
  5 jellies
  Crazy Yiuf (D:3)
  2 bullfrog skeletons
  49 orc wizards
  Jessica (D:2)
  Ijyb (D:3)
  Terence (D:3)
  6 iguanas
  7 troll simulacra (IceCv)
  14 worker ants
  A worker ant (shapeshifter) (Vaults:2)
  2 hell rats (Lair:2)
  A killer bee zombie (D:6)
  4 hound skeletons
  2 worker ant zombies
  A howler monkey zombie (D:10)
  11 gnolls
  A howler monkey skeleton (D:11)
  16 adders
  An ogre simulacrum (IceCv)
  11 river rats (Lair:2)
  2 shadow imps
  A white imp (D:7)
  An ooze (D:3)
  2 adder skeletons
  2 worms (D:4)
  A dart slug (D:1)
  5 leopard geckos
  98 orcs
  8 bats
  A giant cockroach (D:1)
  6 goblins
  12 hobgoblins
  15 jackals
  15 kobolds
  2 quokkas
  3 frilled lizards
  A goblin skeleton (D:7)
  A goblin zombie (D:7)
  3 hobgoblin zombies (D:7)
  3 kobold skeletons (D:7)
  3 orc zombies (D:7)
  A quokka skeleton (D:4)
  A quokka zombie (D:9)
  6 rats
  2 plants
1656 creatures vanquished.

Vanquished Creatures (collateral kills)
  2 golden dragons (Vaults:5)
  A tentacled monstrosity (Vaults:5)
  2 tengu reavers (Vaults:5)
  A vault warden (Vaults:5)
  2 fire giants (Vaults:5)
  A frost giant (Vaults:5)
  2 war gargoyles (Vaults:5)
  3 stone giants (Vaults:5)
  A deep elf high priest (Vaults:5)
  A great orb of eyes (Vaults:5)
  3 vault guards (Vaults:5)
  An ogre mage (Vaults:5)
  A deep troll (Vaults:5)
  A deep elf mage (Vaults:5)
  A vault sentinel (Vaults:5)
23 creatures vanquished.

Vanquished Creatures (others)
  2 tentacled monstrosities (Vaults:5)
  A vault warden (Vaults:5)
  A ghoul (Vaults:5)
  3 ettins (Vaults:5)
  3 yaktaur captains (Vaults:5)
  A great orb of eyes (Vaults:5)
  8 vault guards (Vaults:5)
  A death knight (Vaults:5)
  2 dancing weapons (Vaults:5)
  A shadow wraith (Vaults:4)
  A deep troll (Vaults:5)
  A necromancer (Vaults:3)
  A phantasmal warrior (Vaults:5)
  2 deep elf magi (Vaults:5)
  A salamander (Snake:3)
  A vault sentinel (Vaults:5)
  3 wraiths (Vaults:5)
  A water elemental (Shoals:1)
  2 humans (Shoals:4)
  A naga (Snake:4)
  3 orc wizards (Orc:2)
  A bush (Lair:6)
  9 fungi
  7 plants
  8 starspawn tentacles (Abyss:3)
65 creatures vanquished.

Grand Total: 1744 creatures vanquished

Notes
Turn   | Place    | Note
-------+----------+-------------------------------------------
     0 | D:1      | Monsterracer the Vine Stalker Monk began the quest for the Orb.
     0 | D:1      | Reached XP level 1. HP: 11/11 MP: 2/2
   149 | D:1      | Reached XP level 2. HP: 12/16 MP: 1/3
   459 | D:1      | Reached skill level 4 in Unarmed Combat
   475 | D:1      | Reached XP level 3. HP: 11/19 MP: 4/4
  1333 | D:2      | Noticed Jessica
  1343 | D:2      | Killed Jessica
  1343 | D:2      | Reached skill level 5 in Unarmed Combat
  1343 | D:2      | Gained mutation: Your natural rate of healing is unusually fast. [Vine Stalker growth]
  1343 | D:2      | Reached XP level 4. HP: 20/23 MP: 5/5
  2033 | D:3      | Noticed Terence
  2038 | D:3      | Killed Terence
  2038 | D:3      | Reached XP level 5. HP: 27/27 MP: 6/6
  2106 | D:3      | Found an opulent altar of Gozag.
  2130 | D:3      | Became a worshipper of Gozag Ym Sagoz the Greedy
  2187 | D:3      | Noticed Crownlay's ghost (amateur MiBe)
  2195 | D:3      | Killed Crownlay's ghost
  2195 | D:3      | Reached skill level 6 in Unarmed Combat
  2214 | D:3      | Reached XP level 6. HP: 27/32 MP: 5/7
  2274 | D:3      | Noticed Ijyb
  2290 | D:3      | Killed Ijyb
  2497 | D:3      | Found a runed door.
  2721 | D:3      | Noticed Crazy Yiuf
  2728 | D:3      | Killed Crazy Yiuf
  2814 | D:4      | Noticed Dowan
  2815 | D:4      | Noticed Duvessa
  2838 | D:3      | Reached skill level 1 in Armour
  2857 | D:4      | Killed Dowan
  2888 | D:4      | Killed Duvessa
  2888 | D:4      | Reached skill level 7 in Unarmed Combat
  2888 | D:4      | Reached XP level 7. HP: 36/36 MP: 8/8
  3030 | D:4      | Found a staircase to the Ecumenical Temple.
  3481 | D:5      | Entered Level 5 of the Dungeon
  3494 | D:5      | Noticed Crownlay's ghost (amateur MiAK)
  3506 | D:5      | Killed Crownlay's ghost
  3506 | D:5      | Reached skill level 8 in Unarmed Combat
  3506 | D:5      | Gained mutation: You have razor-sharp teeth. [Vine Stalker growth]
  3506 | D:5      | Reached XP level 8. HP: 42/42 MP: 7/9
  3776 | D:5      | Noticed Blork the orc
  3778 | D:5      | Noticed Eustachio
  3792 | D:5      | Killed Eustachio
  3797 | D:5      | Noticed a troll
  3806 | D:5      | Killed a troll
  3806 | D:5      | Reached skill level 9 in Unarmed Combat
  3810 | D:5      | Killed Blork the orc
  3810 | D:5      | Reached XP level 9. HP: 46/46 MP: 10/10
  4145 | D:5      | Reached skill level 5 in Fighting
  4726 | D:6      | Learned a level 3 spell: Ozocubu's Armour
  4735 | D:6      | Learned a level 2 spell: Throw Frost
  4771 | D:6      | Noticed a cyclops
  4783 | D:6      | Killed a cyclops
  4783 | D:6      | Reached skill level 10 in Unarmed Combat
  4827 | D:6      | Noticed Prince Ribbit
  4842 | D:6      | Killed Prince Ribbit
  4968 | D:6      | Reached skill level 5 in Dodging
  4968 | D:6      | Reached XP level 10. HP: 51/53 MP: 11/11
  4985 | D:6      | Reached skill level 1 in Shields
  5697 | D:7      | Got a transparent robe
  5698 | D:7      | Identified the +1 robe of Untruth {MR++} (You found it on level 7 of the Dungeon)
  5739 | D:7      | Noticed ThePrince's ghost (novice SpAs)
  5764 | D:7      | Killed ThePrince's ghost
  6070 | D:7      | Reached skill level 11 in Unarmed Combat
  6168 | D:7      | Reached skill level 5 in Armour
  6342 | D:7      | Found a glowing golden altar of the Shining One.
  6486 | D:7      | Learned a level 2 spell: Blink
  6488 | D:7      | Learned a level 1 spell: Magic Dart
  6661 | D:8      | Found a staircase to the Lair.
  6661 | D:8      | Noticed a skeletal warrior
  6662 | D:8      | Noticed a skeletal warrior
  6709 | D:7      | Killed a skeletal warrior
  6846 | D:8      | Killed a skeletal warrior
  6846 | D:8      | Reached XP level 11. HP: 35/58 MP: 7/12
  6902 | D:8      | Noticed a skeletal warrior
  6929 | D:8      | Killed a skeletal warrior
  6991 | D:8      | Noticed a two-headed ogre
  7003 | D:8      | Killed a two-headed ogre
  7119 | D:8      | Noticed a red ugly thing
  7137 | D:8      | Killed a red ugly thing
  7137 | D:8      | Reached skill level 12 in Unarmed Combat
  7341 | D:8      | Noticed a two-headed ogre
  7360 | D:8      | Killed a two-headed ogre
  8043 | D:9      | Found a staircase to the Orcish Mines.
  8268 | D:10     | Entered Level 10 of the Dungeon
  8452 | D:10     | Killed an unseen horror
  8611 | D:10     | Identified a scroll of acquirement
  8619 | D:10     | Got a scintillating golden ring
  8620 | D:10     | Identified the ring of Scepticism {rF+ Int+4} (You acquired it on level 10 of the Dungeon)
  8645 | D:10     | Got a faintly glowing platinum ring
  8646 | D:10     | Identified the ring of the Saviour {Ice +Fly} (You acquired it on level 10 of the Dungeon)
  8796 | D:10     | Noticed Harold
  8812 | D:10     | Killed Harold
  9035 | Lair:1   | Entered Level 1 of the Lair of Beasts
  9073 | Lair:1   | Gained mutation: You heal very quickly. [Vine Stalker growth]
  9073 | Lair:1   | Reached XP level 12. HP: 54/63 MP: 11/13
  9596 | Lair:1   | Reached skill level 5 in Shields
  9614 | Lair:1   | Reached skill level 13 in Unarmed Combat
 10007 | Lair:2   | Found a staircase to the Snake Pit.
 10123 | Lair:2   | Noticed an ice dragon
 10156 | Lair:2   | Killed an ice dragon
 10853 | Lair:3   | Found a labyrinth entrance.
 10881 | Lab      | Entered a labyrinth
 10987 | Lab      | Noticed a minotaur
 10997 | Lab      | Killed a minotaur
 11006 | Lab      | Learned a level 1 spell: Apportation
 11008 | Lab      | Learned a level 1 spell: Confusing Touch
 11250 | Lair:3   | Gained mutation: You expend magic power (3 MP) to strengthen your wands. [potion of mutation]
 11250 | Lair:3   | Gained mutation: You passively map a small area around you. [potion of mutation]
 11606 | Lair:3   | Reached XP level 13. HP: 41/69 MP: 14/14
 11964 | Lair:3   | You fall through a shaft for 2 floors!
 12101 | Lair:4   | Reached skill level 14 in Unarmed Combat
 12645 | Lair:4   | Found a staircase to the Shoals.
 13464 | Lair:5   | Found a runed door.
 13465 | Lair:5   | Found a viscous altar of Jiyva.
 13469 | Lair:5   | Found a staircase to the Slime Pits.
 14095 | Lair:6   | Entered Level 6 of the Lair of Beasts
 14458 | Lair:6   | Reached XP level 14. HP: 63/75 MP: 15/15
 14591 | Lair:6   | Reached skill level 15 in Unarmed Combat
 14889 | Lair:6   | Got a fine copper ring
 14890 | Lair:6   | Identified the ring "Folemes" {*Corrode rF+ rC+ Str+4} (You found it on level 6 of the Lair of Beasts)
 15969 | Lair:6   | Noticed a dire elephant
 15978 | Lair:6   | Killed a dire elephant
 16435 | Orc:1    | Entered Level 1 of the Orcish Mines
 16929 | Orc:2    | Entered Level 2 of the Orcish Mines
 16953 | Orc:2    | Found a frozen archway.
 16962 | IceCv    | Entered an ice cave
 17510 | Orc:2    | Found a bloodstained altar of Trog.
 17513 | Orc:2    | Found a staircase to the Elven Halls.
 17527 | Orc:2    | Found a dark tunnel.
 17530 | Volcano  | Entered a volcano
 17666 | Volcano  | Reached skill level 10 in Fighting
 17723 | Volcano  | Found a burning altar of Makhleb.
 17767 | Volcano  | Reached skill level 16 in Unarmed Combat
 17767 | Volcano  | Reached XP level 15. HP: 81/81 MP: 16/16
 17777 | Volcano  | Found a burning altar of Makhleb.
 18113 | Orc:1    | Reached XP level 16. HP: 86/86 MP: 17/17
 18181 | Orc:1    | Found a roughly hewn altar of Beogh.
 18952 | Orc:2    | Found Tagistuphe's Jewellery Shoppe.
 18952 | Orc:2    | Found Xiamuobb's Jewellery Shop.
 19021 | Orc:2    | Bought an uncursed ring of poison resistance for 260 gold pieces
 19031 | Orc:2    | Bought a +4 ring of evasion for 648 gold pieces
 19069 | Orc:2    | Found a roughly hewn altar of Beogh.
 19152 | Orc:2    | Found Hirrav's Antique Armour Shoppe.
 19152 | Orc:2    | Found Zeysm's General Store.
 19176 | Orc:2    | Bought a pair of glowing gloves for 187 gold pieces
 19176 | Orc:2    | Bought a shiny helmet for 187 gold pieces
 19528 | Orc:2    | Bought the +2 shield of Resistance {rF+ rC+ MR+} for 780 gold pieces
 19539 | Orc:2    | Bought a +2 helmet of see invisible for 408 gold pieces
 19553 | Orc:2    | Bought a +1 pair of boots of running for 693 gold pieces
 19566 | Orc:2    | Bought a +2 pair of gloves of strength for 408 gold pieces
 19585 | Orc:2    | Upgraded the game from 0.20.0-15-g7f486f2 to 0.20.1
 20146 | D:11     | Found Debuju's Food Emporium.
 20359 | D:12     | Noticed Erolcha
 20369 | D:11     | Killed Erolcha
 21022 | D:13     | Reached skill level 10 in Dodging
 21182 | D:13     | Learned a level 2 spell: Passwall
 21185 | D:13     | Learned a level 2 spell: Swiftness
 21190 | D:13     | Learned a level 4 spell: Passage of Golubria
 21216 | D:13     | Reached skill level 1 in Spellcasting
 21220 | D:13     | Reached skill level 1 in Translocations
 21396 | D:13     | Noticed Urug
 21467 | D:13     | Killed Urug
 21969 | D:14     | Found a gate to the Vaults.
 21969 | D:14     | Noticed Rupert
 21969 | D:14     | Noticed Nessos
 22067 | D:13     | Killed Rupert
 22141 | D:13     | Reached skill level 5 in Translocations
 22250 | D:14     | Killed Nessos
 22441 | D:14     | Learned a level 1 spell: Summon Butterflies
 23034 | D:15     | Entered Level 15 of the Dungeon
 23112 | D:15     | Reached skill level 1 in Transmutations
 23120 | D:15     | Found a staircase to the Depths.
 23383 | D:15     | Found Meant's Weapon Shop.
 23452 | D:15     | Reached XP level 17. HP: 72/91 MP: 24/24
 23503 | D:15     | Identified the cursed +1 scale mail of the Constellations {rF+++ rC+ rCorr Str-4} (You found it on level 15 of the Dungeon)
 23945 | Snake:1  | Entered Level 1 of the Snake Pit
 23978 | Snake:1  | Reached skill level 10 in Shields
 23998 | Snake:1  | Identified the cursed +0 scale mail of the Past {rF+} (You found it on level 1 of the Snake Pit)
 24047 | Snake:1  | Reached skill level 1 in Earth Magic
 24353 | Snake:2  | Noticed Vashnia
 24392 | Snake:2  | Killed Vashnia
 24708 | Snake:2  | Reached skill level 10 in Armour
 24893 | Snake:2  | Reached skill level 17 in Unarmed Combat
 25021 | Snake:2  | Identified the Incunabulum of Earthen Transmigration (You acquired it on level 2 of the Snake Pit)
 25032 | Snake:2  | Learned a level 6 spell: Statue Form
 25352 | Snake:1  | Noticed Aizul
 25352 | Snake:1  | Reached skill level 5 in Transmutations
 25356 | Snake:1  | Reached skill level 5 in Earth Magic
 25384 | Snake:1  | Killed Aizul
 25400 | Snake:1  | Reached skill level 5 in Spellcasting
 25843 | Snake:3  | Found Anubobaono's Distillery.
 25847 | Snake:3  | Bought a potion of might for 60 gold pieces
 26158 | Snake:3  | Got a shimmering graven amulet
 26159 | Snake:3  | Identified the amulet "Pubbihisk" {Harm *Drain rPois MR+ Int+6 Dex-3} (You acquired it on level 3 of the Snake Pit)
 26275 | Snake:3  | Reached XP level 18. HP: 39/96 MP: 23/27
 26958 | Snake:4  | Entered Level 4 of the Snake Pit
 27171 | Snake:4  | Noticed Louise
 27172 | Snake:4  | Noticed Mara
 27174 | Snake:4  | Identified the +1 leather armour of Hopscotch {*Contam rC+++ Int+2 Dex-4} (You found it on level 4 of the Snake Pit)
 27187 | Snake:4  | Noticed Monsterracer's illusion
 27401 | Shoals:1 | Entered Level 1 of the Shoals
 27717 | Shoals:1 | Noticed Donald
 27739 | Shoals:1 | Killed Donald
 27892 | Shoals:1 | Noticed Nikola
 27916 | Shoals:1 | Killed Nikola
 28116 | Shoals:1 | Learned a level 5 spell: Blade Hands
 28684 | Shoals:2 | Learned a level 4 spell: Petrify
 29439 | Shoals:3 | Found a sacrificial altar of Ru.
 30202 | Shoals:3 | Reached skill level 10 in Earth Magic
 30226 | Shoals:4 | Entered Level 4 of the Shoals
 30259 | Shoals:4 | Noticed Polyphemus
 30345 | Shoals:4 | Killed Polyphemus
 30345 | Shoals:4 | Reached XP level 19. HP: 25/100 MP: 31/31
 30441 | Shoals:4 | Reached skill level 10 in Transmutations
 31218 | Orc:2    | Bought the +2 robe of Vines {NoPotionHeal Regen+7} for 1520 gold pieces
 31461 | Shoals:4 | Noticed Kirke
 31557 | Shoals:4 | Killed Kirke
 32203 | Shoals:4 | Noticed Ilsuiw
 32253 | Shoals:3 | Killed Ilsuiw
 33227 | Shoals:4 | Got a barnacled rune of Zot
 33544 | Snake:4  | Found Usisimai's Food Emporium.
 33705 | Snake:4  | Noticed Monsterracer's illusion
 33847 | Snake:4  | Noticed Monsterracer's illusion
 33886 | Snake:4  | Killed Mara
 33886 | Snake:4  | Reached skill level 18 in Unarmed Combat
 34070 | Snake:4  | Noticed Saint Roka
 34209 | Snake:4  | Killed Saint Roka
 34209 | Snake:4  | Reached XP level 20. HP: 50/106 MP: 25/33
 35499 | Snake:4  | Killed Louise
 35542 | Snake:4  | Got a serpentine rune of Zot
 36650 | Vaults:1 | Entered Level 1 of the Vaults
 36831 | Vaults:1 | Reached skill level 19 in Unarmed Combat
 37166 | Vaults:1 | Noticed Jorgrun
 37200 | Vaults:1 | Killed Jorgrun
 37200 | Vaults:1 | Reached XP level 21. HP: 102/112 MP: 32/34
 37237 | Vaults:1 | Found Dygaw's Magic Scroll Boutique.
 38648 | Vaults:2 | Reached skill level 20 in Unarmed Combat
 39033 | Vaults:2 | Found a staircase to the Crypt.
 39674 | Vaults:3 | Reached XP level 22. HP: 119/119 MP: 35/35
 40739 | Vaults:4 | Found Puenayc's General Store.
 40941 | Vaults:4 | Found a stormy altar of Qazlal.
 41440 | Vaults:4 | Reached skill level 21 in Unarmed Combat
 42018 | Vaults:5 | Entered Level 5 of the Vaults
 42018 | Vaults:5 | Noticed a golden dragon
 42029 | Vaults:5 | Noticed a golden dragon
 42046 | Vaults:4 | Killed a golden dragon
 42083 | Vaults:5 | Reached XP level 23. HP: 122/125 MP: 34/36
 42105 | Vaults:5 | Killed a golden dragon
 42117 | Vaults:5 | Noticed a golden dragon
 42147 | Vaults:5 | Killed a golden dragon
 42232 | Vaults:5 | Got a glittering wooden ring
 42373 | Vaults:5 | Identified the ring "Ugeppodoch" {rF+ MR+} (You took it off a deep elf mage on level 5 of the Vaults)
 42412 | Vaults:5 | Cast into level 2 of the Abyss (war gargoyle)
 42454 | Abyss:3  | Found a corrupted altar of Lugonu.
 42497 | Abyss:3  | Found a corrupted altar of Lugonu.
 42768 | Abyss:3  | Found a corrupted altar of Lugonu.
 42803 | Vaults:5 | Escaped the Abyss
 42982 | Vaults:5 | Noticed a golden dragon
 43187 | Vaults:5 | Demolished by a vault warden

Skill      XL: |  1  2  3  4  5  6  7  8  9 10 11 12 13 14 15 16 17 18 19 20 21 22 23 |
---------------+----------------------------------------------------------------------+-----
Unarmed Combat | 4 5 6 7 8 9 10 11 12 13 14 16 17 18 19 20 21 | 21.6
Fighting       | 3 4 5 6 7 8 9 10 11 12 13 14 | 14.7
Armour         | 1 2 3 4 5 6 7 8 9 10 11 | 11.0
Dodging        | 3 4 5 6 7 8 9 10 11 12 13 | 13.8
Shields        | 3 4 6 7 9 10 11 12 13 14 | 14.1
Spellcasting   | 4 5 7 8 |  8.0
Translocations | 5 |  5.0
Transmutations | 1 6 9 10 | 10.0
Earth Magic    | 6 10 | 10.0
Stealth        | |  2.4

Action                   |  1- 3 |  4- 6 |  7- 9 | 10-12 | 13-15 | 16-18 | 19-21 | 22-24 || total
-------------------------+-------+-------+-------+-------+-------+-------+-------+-------++-------
Melee: Unarmed           |   103 |   107 |   255 |   869 |   976 |  2239 |  2325 |   884 ||  7758
       Bite              |    20 |    30 |    81 |   314 |   459 |  1057 |  1214 |   502 ||  3677
       Punch             |     3 |     2 |    11 |     5 |       |       |     6 |       ||    27
Throw: Stone             |       |       |       |    15 |     2 |       |       |       ||    17
 Cast: Magic Dart        |       |       |       |     1 |       |       |       |       ||     1
       Blink             |       |       |       |       |       |     6 |       |       ||     6
       Swiftness         |       |       |       |       |       |     1 |       |       ||     1
       Blade Hands       |       |       |       |       |       |       |     1 |       ||     1
       Passwall          |       |       |       |       |       |       |     2 |       ||     2
Invok: Potion Petition   |       |       |     1 |     1 |     2 |     5 |     1 |       ||    10
       Call Merchant     |       |       |       |       |       |     1 |       |       ||     1
       Bribe Branch      |       |       |       |       |       |       |       |     1 ||     1
 Abil: Evoke Berserk Rag |       |     5 |     5 |    10 |     9 |     1 |       |       ||    30
       Stop Flying       |       |       |       |       |     1 |       |       |       ||     1
       Evoke Flight      |       |       |       |       |     1 |       |       |       ||     1
Evoke: Wand              |       |       |       |       |     1 |       |       |     3 ||     4
  Use: Potion            |     3 |     5 |     3 |     3 |     1 |     2 |     3 |       ||    20
       Scroll            |       |     7 |     6 |    13 |    10 |    13 |     4 |     8 ||    61
 Stab: Sleeping          |     5 |     1 |     4 |    14 |    17 |    11 |     5 |     6 ||    63
       Distracted        |       |       |       |     8 |     9 |    18 |    24 |    18 ||    77
       Petrified         |       |       |       |       |     2 |     6 |       |       ||     8
       Invisible         |       |       |       |       |       |     1 |       |       ||     1
       Petrifying        |       |       |       |       |       |     4 |       |       ||     4
  Eat: Chunk             |     1 |     3 |       |       |       |       |       |       ||     4
       Fruit             |       |     4 |       |     4 |     1 |     3 |     4 |     3 ||    19
       Bread ration      |       |     1 |     3 |     4 |     4 |     2 |     3 |     2 ||    19
       Royal jelly       |       |       |     1 |       |       |       |     3 |       ||     4
       Meat ration       |       |       |       |     2 |     2 |     6 |     2 |       ||    12
Armor: Robe              |     9 |       |    57 |   164 |   174 |   238 |   275 |   123 ||  1040
       Scale mail        |     3 |    40 |       |       |       |       |       |       ||    43
Dodge: Dodged            |    53 |    38 |   127 |   406 |   519 |  1190 |  1451 |   555 ||  4339
       Deflected         |       |       |       |       |       |    50 |       |       ||    50
Block: Buckler           |       |       |       |   149 |    50 |       |       |       ||   199
       Shield            |       |       |       |       |   364 |  1406 |  1556 |   567 ||  3893
